 Dungeon Crawl Stone Soup version 0.24.1-8-ga250c9d538 (webtiles) character file.

Game seed: 8833042967578955260, levelgen mode: deterministic

179 Hugehornet the Insei (level 5, -3/33 HPs)
             Began as an Octopode Transmuter on May 8, 2020.
             Slain by a gnoll
             ... wielding a +0 spear
              (8 damage)
             ... on level 3 of the Dungeon.
             The game lasted 00:04:11 (2726 turns).

Hugehornet the Insei (Octopode Transmuter)          Turns: 2726, Time: 00:04:11

Health: -3/33      AC:  2    Str:  9    XL:     5   Next: 59%
Magic:  4/9        EV: 20    Int: 16    God:
Gold:   184        SH:  0    Dex: 18    Spells: 0/10 levels left

rFire    . . .     SeeInvis .     - Unarmed
rCold    + . .     Gourm    .   (shield currently unavailable)
rNeg     + . .     Faith    .   (helmet currently unavailable)
rPois    x         Spirit   .   (no amulet)
rElec    .         Reflect  .   g - ring of protection from cold
rCorr    .         Harm     .   h - ring of positive energy
MR       .....                  (no ring)
Stlth    ++........             (no ring)
HPRegen  0.11/turn              (no ring)
MPRegen  0.11/turn              (no ring)
                                (no ring)
                                (no ring)

@: spider-form, very slightly contaminated
A: tiny, almost no armour, stealthy swim, (amphibious), 8 rings, (constrict 8)
a: End Transformation


You were on level 3 of the Dungeon.
You were not hungry.
You were a venomous arachnid creature.
You visited 1 branch of the dungeon, and saw 3 of its levels.

You collected 184 gold pieces.

Inventory:

Missiles
 a - 26 arrows
Jewellery
 g - a ring of protection from cold (left front leg)
 h - a ring of positive energy (right front leg)
 j - an uncursed ring of stealth {unknown}
Scrolls
 b - a scroll of teleportation {unknown}
 d - 4 scrolls of identify {unknown}
 i - a scroll of noise {unknown}
 k - a scroll of enchant armour {unknown}
 l - a scroll of amnesia {unknown}
 n - a scroll of fear {unknown}
Potions
 e - 2 potions of haste {unknown}
 f - a potion of flight {unknown}
 o - a potion of berserk rage {unknown}
Comestibles
 c - 5 rations
 m - 15 chunks of flesh


   Skills:
 - Level 1.0 Fighting
 - Level 2.0 Dodging
 + Level 3.9 Unarmed Combat
 + Level 3.0 Spellcasting
 * Level 3.1 Transmutations
 * Level 0.3 Ice Magic
 - Level 3.0 Poison Magic


You couldn't memorise any spells.
You knew the following spells:

 Your Spells              Type           Power        Failure   Level  Hunger
a - Beastly Appendage     Tmut           ##....       14%         1    #......
b - Sticks to Snakes      Tmut           ##......     21%         2    ##.....
c - Spider Form           Tmut/Pois      ##........   34%         3    ###....
d - Ice Form              Ice/Tmut       #.......     83%         4    #####..

Your spell library contained the following spells:

 Spells                   Type           Power        Failure   Level  Hunger
 Blade Hands              Tmut           ##........   92%         5    ######.


Dungeon Overview and Level Annotations

Branches:
Dungeon (3/15)

Altars:
Hepliaklqana


Innate Abilities, Weirdness & Mutations

You cannot wear most types of armour.
You are very stealthy in the water. (Stealth+)
((You are amphibious.))
You can wear up to eight rings at the same time.
((You can use your tentacles to constrict eight enemies at once.))
((Your skin changes colour to match your surroundings (Stealth+).))
((Your rubbery body absorbs attacks. (AC +1, EV +1)))


Message History

Confirm with . or Enter, or press ? or * to list all spells.
You miscast Spider Form.
You are very lightly contaminated with residual magic.
Nothing appears to happen.
Casting: Spider Form (safe; 16% risk of failure)
Confirm with . or Enter, or press ? or * to list all spells.
You turn into a venomous arachnid creature.
The goblin hits you with a +0 dagger.
You hit the goblin.
The goblin is severely wounded.
The gnoll closely misses you. The goblin misses you.
You hit the goblin.
You kill the goblin!
The gnoll misses you. The gnoll hits you with a +0 spear!
* * * LOW HITPOINT WARNING * * *
Things that are here:
a +0 dagger x2; a goblin corpse You barely miss the gnoll.
The gnoll hits you with a +0 spear!
You die...

....#########.#
#............#
....##.....##.#
#####....).###.#
....#.........#
#....÷).......#
.)..#......####
#.#......###### '####†######
#.#......# .# #.# #.#......#
.####.# #.#......#
...†..#############)#).....#
................sg))........
##############+######.#######
.# g# gg g# g. # .. #


You could see a gnoll.

Vanquished Creatures
  A worker ant (D:2)
  Robin (D:3)
  5 gnolls (D:3)
  3 adders (D:3)
  2 worms
  A dart slug (D:1)
  A leopard gecko (D:2)
  An orc (D:3)
  3 giant cockroaches
  12 hobgoblins
  6 kobolds
  A quokka (D:3)
  A ball python (D:1)
  2 bats
  A frilled lizard (D:1)
  15 goblins
  3 rats (D:1)
59 creatures vanquished.

Notes
Turn   | Place    | Note
-------+----------+-------------------------------------------
     0 | D:1      | Hugehornet the Octopode Transmuter began the quest for the
                  | Orb.
     0 | D:1      | Reached XP level 1. HP: 13/13 MP: 3/3
   467 | D:1      | Reached XP level 2. HP: 16/18 MP: 3/5
   769 | D:1      | Learned a level 2 spell: Sticks to Snakes
  1061 | D:2      | Reached XP level 3. HP: 11/23 MP: 4/6
  1066 | D:2      | Learned a level 3 spell: Spider Form
  1171 | D:2      | Found a hazy altar of Hepliaklqana.
  1396 | D:2      | Reached skill level 1 in Poison Magic
  1738 | D:2      | Reached XP level 4. HP: 25/28 MP: 5/7
  2495 | D:3      | Reached XP level 5. HP: 33/33 MP: 7/9
  2630 | D:3      | Learned a level 4 spell: Ice Form
  2635 | D:3      | Noticed Robin
  2669 | D:3      | Killed Robin
  2726 | D:3      | Slain by a gnoll

Levels and vault maps discovered:
D:1:      nagdon_arrival_zigzag_paths, layout_loops_ring, minmay_tromino_i4
D:2:      layout_loops_cross, nicolae_overflow_crystal_walls
D:3:      layout_basic, minivault_23, nrook_mini_vaults,
          uniq_crazy_yiuf_cottage, uniq_robin

Skill      XL: |  1  2  3  4  5 |
---------------+----------------+-----
Transmutations | 3 |  3.1
Poison Magic   | 1 2 3 |  3.0
Spellcasting   | 3 |  3.0
Fighting       | |  1.0
Dodging        | |  2.0
Unarmed Combat | |  3.9
Ice Magic      | |  0.3

Action                   |  1- 3 |  4- 6 || total
-------------------------+-------+-------++-------
Melee: Unarmed           |    65 |    81 ||   146
       Constrict         |    18 |    19 ||    37
       Kick              |    15 |     9 ||    24
       Tentacles         |     9 |    13 ||    22
       Punch             |     1 |     1 ||     2
 Cast: Beastly Appendage |    16 |    11 ||    27
       Spider Form       |       |     4 ||     4
 Stab: Sleeping          |     4 |     3 ||     7
  Eat: Chunk             |     2 |     4 ||     6
Armor: Skin              |     4 |     3 ||     7
Dodge: Dodged            |    32 |    44 ||    76
